 Dungeon Sprint DCSS version 0.24-a0-92-g7d8ec57088 (webtiles) character file.

Game seed: 287982647087463560

153 Denreik the Digger (level 5, 0/41 HPs)
             Began as a Gnoll Earth Elementalist on Feb 9, 2019.
             Was an Initiate of Gozag.
             Slain by a tentacle (23 damage)
             ... attached to a kraken
             ... in the Dungeon (Sprint II: "The Violet Keep of Menkaure").
             The game lasted 00:01:53 (99 turns).

Denreik the Digger (Gnoll Earth Elementalist)         Turns: 99, Time: 00:01:53

Health: 0/41       AC:  2    Str: 10    XL:     5   Next: 35%
Magic:  7/13       EV: 15    Int: 19    God:    Gozag
Gold:   405        SH:  0    Dex: 15    Spells: 15/16 levels left

rFire    . . .     SeeInvis .     - Unarmed
rCold    . . .     Gourm    .   (no shield)
rNeg     . . .     Faith    .   c - +0 robe
rPois    .         Spirit   .   (no helmet)
rElec    .         Reflect  .   (no cloak)
rCorr    .         Harm     .   (no gloves)
MR       .....     NoTele   +   (no boots)
Stlth    ++........             (no amulet)
HPRegen  0.13/turn              (no ring)
MPRegen  0.13/turn              (no ring)

@: gold aura, very slow
A: distributed training, fangs 1, strong nose
a: Potion Petition, Call Merchant, Bribe Branch, Renounce Religion


You were in the Dungeon.
You worshipped Gozag.
Gozag was aware of your devotion.
You were not hungry.

You visited 1 branch You collected 405 gold pieces.

Inventory:

Missiles
 b - 18 stones (quivered)
Armour
 c - a +0 robe (worn)
Scrolls
 j - a scroll of blinking
Potions
 e - a potion of curing
 f - a potion of heal wounds
 g - a potion of haste
 h - 2 potions of magic
 i - a potion of berserk rage
Comestibles
 a - 6 chunks of flesh
 d - a ration


   Skills:
 + Level 3.4 Fighting
 + Level 3.4 Short Blades
 + Level 3.4 Long Blades
 + Level 3.4 Axes
 + Level 3.4 Maces & Flails
 + Level 3.4 Polearms
 + Level 3.4 Staves
 + Level 3.4 Slings
 + Level 3.4 Bows
 + Level 3.4 Crossbows
 + Level 3.4 Throwing
 + Level 3.4 Armour
 + Level 5.8 Dodging
 + Level 5.4 Stealth
 + Level 3.4 Shields
 + Level 3.4 Unarmed Combat
 + Level 6.1 Spellcasting
 + Level 2.8 Conjurations
 + Level 2.8 Hexes
 + Level 2.8 Charms
 + Level 2.8 Summonings
 + Level 2.8 Necromancy
 + Level 2.8 Translocations
 + Level 3.5 Transmutations
 + Level 2.8 Fire Magic
 + Level 2.8 Ice Magic
 + Level 2.8 Air Magic
 + Level 6.2 Earth Magic
 + Level 2.8 Poison Magic
 + Level 3.7 Invocations
 + Level 3.4 Evocations


You had 15 spell levels left.
You knew the following spells:

 Your Spells              Type           Power        Failure   Level  Hunger
a - Sandblast             Erth           ####..       1%          1    None

Your spell library contained the following spells:

 Spells                   Type           Power        Failure   Level  Hunger
 Passwall                 Tmut/Erth      ###.....     2%          2    None
 Stone Arrow              Conj/Erth      ###...       5%          3    ##.....
 Petrify                  Tmut/Erth      ###.....     14%         4    ####...
 Lee's Rapid Deconstruct  Erth           ####......   24%         5    #####..


Dungeon Overview and Level Annotations

Branches:
Dungeon (1/1)

Altars:
Cheibriados
Dithmenos
Elyvilon
Fedhas
Gozag
Hepliaklqana
Kikubaaqudgha
Makhleb
Nemelex Xobeh
Okawaru
Qazlal
Ru
Sif Muna
Trog
Uskayaw
Vehumet
Wu Jian
Xom
Yredelemnul
Zin
The Shining One
Beogh
Jiyva
Lugonu

Annotations:
D exclusion: orange crystal statue


Innate Abilities, Weirdness & Mutations

Your experience applies equally to all skills.
You have very sharp teeth.
Your uncanny sense of smell can sniff out nearby items.


Message History

Your Shields skill increases to level 3!
Your Unarmed Combat skill increases to level 3!
Your Spellcasting skill increases to level 6!
Your Earth Magic skill increases to level 6!
Your Invocations skill increases to level 3!
Your Evocations skill increases to level 3!
You have reached level 5!
b - 18 stones The crocodile becomes distracted by the nearby gold, dreaming of imaginary riches. x2
You now have 405 gold pieces (gained 162).
There are no items here.
The crocodile is no longer distracted by gold.
Tentacles burst out of the water!
A tentacle comes into view.
The crocodile is no longer distracted by gold.
The tentacle slaps you!! The tentacle slaps you!!
Ouch! That really hurt!
You die...
Your body crumbles into a pile of gold.

∆ $ $ ## $ +.###
∆=▓([)[[?()▓▓ $ ..# ∆
...# #▓![[(?($!▓▓ ..##
#..# $#▓$(!$$(!!▓▓ $ #..#
+..# #▓[?!!$!)?▓▓ #..#
$#..# #▓!($[)!!)▓▓
+..####^.####▓![?$)!$?▓▓
#....###...##▓▓▓▓▓▓▓+▓▓▓▓
#......≈≈≈≈≈≈≈≈≈@w≈≈───Xw
≈≈.....≈#'########+###ww≈
≈≈≈≈≈..≈#....._..#tt§# $
≈§§≈≈§.≈#...._._.#§§≈§#
§§§≈≈§§≈#..._._._#§§§§§#
$$ $$
≈≈§≈§§≈§#.._._._.#§§≈§§§
$ $
≈≈≈≈≈§≈§#._._._._#≈≈§§§
$$ $$
≈≈≈###§§#_._._._.#≈§≈≈≈ $
$ #§≈#∆#≈§#._._._._# $$
$$


You could see a kraken, 3 tentacles and 2 crocodiles.

Vanquished Creatures
  Menkaure (D)
  A crocodile (D)
  2 worms (D)
4 creatures vanquished.

Vanquished Creatures (others)
  4 tentacles (D)
4 creatures vanquished.

Grand Total: 8 creatures vanquished

Notes
Turn   | Place    | Note
-------+----------+-------------------------------------------
     0 | D        | Denreik the Gnoll Earth Elementalist began the quest for
                  | the Orb.
     0 | D        | Reached XP level 1. HP: 13/13 MP: 6/6
     1 | D        | Noticed a hippogriff
     1 | D        | Noticed a hippogriff
     4 | D        | Noticed a neqoxec
    12 | D        | Reached skill level 5 in Spellcasting
    13 | D        | Reached skill level 1 in Fighting
    13 | D        | Reached skill level 1 in Short Blades
    13 | D        | Reached skill level 1 in Long Blades
    13 | D        | Reached skill level 1 in Axes
    13 | D        | Reached skill level 1 in Maces & Flails
    13 | D        | Reached skill level 1 in Polearms
    13 | D        | Reached skill level 1 in Staves
    13 | D        | Reached skill level 1 in Slings
    13 | D        | Reached skill level 1 in Bows
    13 | D        | Reached skill level 1 in Crossbows
    13 | D        | Reached skill level 1 in Throwing
    13 | D        | Reached skill level 1 in Armour
    13 | D        | Reached skill level 1 in Shields
    13 | D        | Reached skill level 1 in Unarmed Combat
    13 | D        | Reached skill level 1 in Invocations
    13 | D        | Reached skill level 1 in Evocations
    13 | D        | Reached XP level 2. HP: 21/21 MP: 1/8
    25 | D        | Noticed a lava snake
    25 | D        | Noticed a lava snake
    46 | D        | Noticed a lava snake
    52 | D        | Noticed Menkaure
    55 | D        | Found an opulent altar of Gozag.
    57 | D        | Killed Menkaure
    57 | D        | Reached skill level 5 in Dodging
    57 | D        | Reached XP level 3. HP: 28/28 MP: 5/10
    57 | D        | Reached XP level 4. HP: 34/34 MP: 5/11
    58 | D        | Found a blossoming altar of Fedhas.
    59 | D        | Found a white marble altar of Elyvilon.
    60 | D        | Found a shadowy altar of Dithmenos.
    60 | D        | Found a corrupted altar of Lugonu.
    60 | D        | Found a burning altar of Makhleb.
    61 | D        | Found a snail-covered altar of Cheibriados.
    61 | D        | Found an ancient bone altar of Kikubaaqudgha.
    61 | D        | Found a bloodstained altar of Trog.
    62 | D        | Found a roughly hewn altar of Beogh.
    62 | D        | Found a viscous altar of Jiyva.
    62 | D        | Found a deep blue altar of Sif Muna.
    63 | D        | Found a hazy altar of Hepliaklqana.
    63 | D        | Found a sacrificial altar of Ru.
    64 | D        | Found a shimmering altar of Xom.
    65 | D        | Found a stormy altar of Qazlal.
    65 | D        | Found an ornate altar of the Wu Jian Council.
    65 | D        | Found a sparkling altar of Nemelex Xobeh.
    65 | D        | Found a hide-covered altar of Uskayaw.
    65 | D        | Found a basalt altar of Yredelemnul.
    65 | D        | Found a glowing golden altar of the Shining One.
    66 | D        | Found a radiant altar of Vehumet.
    66 | D        | Found an iron altar of Okawaru.
    66 | D        | Found a glowing silver altar of Zin.
    71 | D        | Noticed an orange crystal statue
    72 | D        | Became a worshipper of Gozag Ym Sagoz the Greedy
    81 | D        | Noticed a crocodile
    82 | D        | Noticed a crocodile
    82 | D        | Noticed a crocodile
    86 | D        | Noticed a kraken
    94 | D        | Killed a crocodile
    94 | D        | Reached skill level 5 in Stealth
    94 | D        | Reached XP level 5. HP: 40/41 MP: 6/13
    99 | D        | Slain by a tentacle

Levels and vault maps discovered:
D:        the_violet_keep_of_menkaure [sprint2_stairs_cluster_1,
          sprint2_shoproom, sprint2_temple, sprint2_basic_supplies,
          sprint2_obstacle_5, sprint2_obstacle_4, sprint2_obstacle_6,
          sprint2_obstacle_7, sprint2_obstacle_3, sprint2_timed_cluster_1,
          sprint2_smallroom_cluster_1, sprint2_smallroom_final_cluster_1,
          sprint2_transparent_cluster_1, sprint2_second_timed_cluster_1,
          sprint2_sniper_area_1, sprint2_heavy_combat_area_1,
          sprint2_mutation_trap_area_1, sprint2_forest_area_1,
          sprint2_light_combat_area_1, sprint2_behind_water_1,
          sprint2_near_end_vault_1]

Skill      XL: |  1  2  3  4 |
---------------+-------------+-----
Spellcasting   | 5 6 |  6.1
Transmutations | 2 3 |  3.5
Fighting       | 1 2 3 |  3.4
Short Blades   | 1 2 3 |  3.4
Long Blades    | 1 2 3 |  3.4
Axes           | 1 2 3 |  3.4
Maces & Flails | 1 2 3 |  3.4
Polearms       | 1 2 3 |  3.4
Staves         | 1 2 3 |  3.4
Slings         | 1 2 3 |  3.4
Bows           | 1 2 3 |  3.4
Crossbows      | 1 2 3 |  3.4
Throwing       | 1 2 3 |  3.4
Armour         | 1 2 3 |  3.4
Shields        | 1 2 3 |  3.4
Unarmed Combat | 1 2 3 |  3.4
Invocations    | 1 2 3 |  3.7
Evocations     | 1 2 3 |  3.4
Dodging        | 5 |  5.8
Conjurations   | 2 |  2.8
Hexes          | 2 |  2.8
Charms         | 2 |  2.8
Summonings     | 2 |  2.8
Necromancy     | 2 |  2.8
Translocations | 2 |  2.8
Fire Magic     | 2 |  2.8
Ice Magic      | 2 |  2.8
Air Magic      | 2 |  2.8
Poison Magic   | 2 |  2.8
Stealth        | 5 |  5.4
Earth Magic    | 6 |  6.2

Action                   |  1- 3 |  4- 6 || total
-------------------------+-------+-------++-------
 Cast: Sandblast         |     6 |     6 ||    12
Armor: Robe              |     1 |     1 ||     2
Dodge: Dodged            |       |     3 ||     3

Table legend:
 A = Non-vault XP
 B = Vault XP
 C = Vault XP percentage of total XP
 D = Non-vault monster count
 E = Vault monster count
 F = Vault count percentage of total count
                 A         B        C        D         E       F
            +---------+---------+-------+---------+---------+-------
      Total |       0 |     219 | 100.0 |       0 |       4 | 100.0
            +---------+---------+-------+---------+---------+-------
          D |       0 |     219 | 100.0 |       0 |       4 | 100.0
            +---------+---------+-------+---------+---------+-------
